 Dungeon Crawl Stone Soup version 0.31.0-11-ge490571c62 (webtiles) character file.

Game seed: 3468950624852580943

267 Ashen the Sneak (level 6, -4/44 HPs)
             Began as a Gnoll Enchanter on Feb 3, 2024.
             Killed from afar by an orc wizard (12 damage)
             ... with a puff of flame
             ... on level 4 of the Dungeon.
             The game lasted 00:12:58 (2933 turns).

Ashen the Sneak (Gnoll Enchanter)                   Turns: 2933, Time: 00:12:59

Health: -4/44      AC:  5    Str:  7    XL:     6   Next: 21%
Magic:  6/14       EV: 15    Int: 14    God:
Gold:   102        SH:  0    Dex: 21    Spells: 4/15 levels left

rFire   . . .        a - +1 dagger
rCold   . . .        (no shield)
rNeg    + + .        n - +2 robe of Gravity {rPois rN++ Regen+}
rPois   +            (no helmet)
rElec   .            q - +0 cloak
rCorr   .            (no gloves)
SInv    .            (no boots)
Will    .....        (no amulet)
Stlth   ++           m - +6 ring of dexterity
HPRegen 1.07/turn    (no ring)
MPRegen 0.14/turn

%: no passive effects
@: confused
A: fangs 1, strong nose, distributed training
a: no special abilities


You were on level 4 of the Dungeon.
You visited 1 branch of the dungeon, and saw 4 of its levels.

You collected 149 gold pieces.
You spent 47 gold pieces at shops.

Inventory:

Hand Weapons
 a - a +1 dagger (weapon)
Armour
 n - the +2 robe of Gravity (worn) {rPois rN++ Regen+}
   (You found it on level 2 of the Dungeon)

   rPois:     It protects you from poison rN++: It greatly protects you from
   negative energy.
   Regen+:    It increases your rate of health regeneration.
 q - a +0 cloak (worn)
 s - a +1 helmet
Jewellery
 m - a +6 ring of dexterity (left hand)
Scrolls
 e - a scroll of amnesia {unknown}
 f - 5 scrolls of identify {unknown}
 g - a scroll of teleportation {unknown}
 i - a scroll of enchant weapon {unknown}
 k - a scroll of vulnerability {unknown}
 o - a scroll of enchant armour {unknown}
Potions
 b - 2 potions of might {unknown}
 c - 2 potions of invisibility
 d - a potion of mutation {unknown}
 h - a potion of heal wounds {unknown}
 j - 4 potions of haste {unknown}
 l - a potion of ambrosia {unknown}
 p - 2 potions of curing {unknown}
 r - a potion of magic {unknown}


   Skills:
 + Level 1.9 Fighting
 + Level 3.2 Short Blades
 + Level 1.9 Long Blades
 + Level 1.9 Axes
 + Level 1.9 Maces & Flails
 + Level 1.9 Polearms
 + Level 1.9 Staves
 + Level 1.9 Ranged Weapons
 + Level 1.9 Throwing
 + Level 1.9 Armour
 + Level 5.0 Dodging
 + Level 6.3 Stealth
 + Level 1.9 Shields
 + Level 1.9 Unarmed Combat
 + Level 5.3 Spellcasting
 + Level 1.5 Conjurations
 + Level 5.6 Hexes
 + Level 1.5 Summonings
 + Level 1.5 Necromancy
 + Level 1.5 Translocations
 + Level 1.5 Fire Magic
 + Level 1.5 Ice Magic
 + Level 1.5 Air Magic
 + Level 1.5 Earth Magic
 + Level 1.5 Alchemy
 + Level 2.1 Invocations
 + Level 1.9 Evocations
 + Level 1.7 Shapeshifting


You had 4 spell levels left.
You knew the following spells:

 Your Spells              Type           Power      Damage    Failure   Level
a - Ensorcelled Hibernat  Hex/Ice        26%        N/A       6%          2
b - Confusing Touch       Hex            19%        N/A       4%          3
c - Tukima's Dance        Hex            19%        N/A       4%          3
d - Dazzling Flash        Conj/Hex       26%        N/A       12%         3

Your spell library contained the following spells:

 Spells                   Type           Power      Damage    Failure   Level
 Sandblast                Erth           16%        2d6       9%          1
 Shock                    Conj/Air       32%        1d5       9%          1
 Fugue of the Fallen      Necr           8%         N/A       26%         3
 Passwall                 Erth           8%         N/A       26%         3
 Stone Arrow              Conj/Erth      16%        3d8       26%         3
 Swiftness                Air            8%         N/A       26%         3
 Anguish                  Hex/Necr       6%         N/A       36%         4
 Airstrike                Air            4%         2d(1-17)  65%         4
 Brom's Barrelling Bould  Conj/Erth      8%         2d3       65%         4


Dungeon Overview and Level Annotations

Branches:
Dungeon (4/15)
 Temple: D:4-7

Altars:
Dithmenos
Fedhas
Xom

Shops:
D:2 *

Annotations:
D:3 Grinder


Innate Abilities, Weirdness & Mutations

You have very sharp teeth.
Your uncanny sense of smell can sniff out nearby items.
Your experience applies equally to all skills.


Message History

Nothing appears to happen.
Something hits you but does no damage. x2
Casting: Ensorcelled Hibernation (safe; 6% risk of failure)
Confirm with . or Enter, or press ? or * to list all spells.
Aiming: Ensorcelled Hibernation (safe; 6% risk of failure)
Press: ? - help, Shift-Dir - straight line, f/p - orc
Aim: an orc, wielding a +0 hand axe (chance to affect: 64%)
The orc struggles to resist.
The orc barely misses you. Something barely misses you. Something hits you.
Casting: Ensorcelled Hibernation (safe; 6% risk of failure)
Confirm with . or Enter, or press ? or * to list all spells.
Aiming: Ensorcelled Hibernation (safe; 6% risk of failure)
Press: ? - help, Shift-Dir - straight line, f/p - orc
Aim: an orc, wielding a +0 hand axe (chance to affect: 64%)
The orc looks drowsy...
Something closely misses you.
You hear some strange, mumbled words.
A magic dart appears from out of thin air!
The magic dart hits you.
The helpless orc fails to defend itself.
You stick the orc like a pincushion!!!
You kill the orc!
Something hits you. Something hits you. Something hits you but does no damage.
Things that are here:
a +0 hand axe; 6 stones; an orc corpse Something hits you but does no damage.
Something hits you. Something hits you!
* * * LOW HITPOINT WARNING * * *
There is a stone staircase leading up, spattered with blood here.
You hear some strange, mumbled words.
You are confused.
In your confused state, you trip and fall back down the stairs.
* * * LOW HITPOINT WARNING * * *
Something hits you.
* * * LOW HITPOINT WARNING * * *
Something hits you.
* * * LOW HITPOINT WARNING * * *
You hear some strange, mumbled words.
A puff of flame appears from out of thin air!
The puff of flame hits you!
You die...

#.. #..... . #..
...... ..# #..
#.....# ....#..##
##.....#
........####.....#
#.....).)#......#
##..##.........$#
###..{)...##
##..@..##
.................
.................
...............##
..............##
..............#
...............#
..........>....#


There were no monsters in sight!

Vanquished Creatures
  A black bear (D:3)
  Robin (D:3)
  3 gnolls
  5 adders
  3 orcs
  4 bats
  5 endoplasms
  7 giant cockroaches
  13 goblins
  6 hobgoblins
  9 jackals (D:1)
  3 quokkas
  9 ball pythons
  7 frilled lizards
  4 kobolds
  5 rats
85 creatures vanquished.

Notes
Turn   | Place    | Note
-------+----------+-------------------------------------------
     0 | D:1      | Ashen the Gnoll Enchanter began the quest for the Orb.
     0 | D:1      | Reached XP level 1. HP: 13/13 MP: 6/6
    56 | D:1      | Reached XP level 2. HP: 18/19 MP: 7/7
    69 | D:1      | Learned a level 2 spell: Ensorcelled Hibernation
   442 | D:1      | Found a faded altar of an unknown god.
   459 | D:1      | Reached skill level 5 in Spellcasting
   459 | D:1      | Reached XP level 3. HP: 23/25 MP: 7/9
   535 | D:1      | Learned a level 3 spell: Confusing Touch
   539 | D:1      | Learned a level 3 spell: Tukima's Dance
   543 | D:1      | Learned a level 3 spell: Dazzling Flash
   563 | D:1      | Reached skill level 6 in Stealth
   582 | D:1      | Reached skill level 1 in Invocations
  1046 | D:2      | Identified the +4 trident of the Sharing Soothsayer {vamp,
                  | rPois Will+ Stlth-}
  1168 | D:2      | Reached skill level 1 in Fighting
  1168 | D:2      | Reached skill level 1 in Long Blades
  1168 | D:2      | Reached skill level 1 in Axes
  1168 | D:2      | Reached skill level 1 in Maces & Flails
  1168 | D:2      | Reached skill level 1 in Polearms
  1168 | D:2      | Reached skill level 1 in Staves
  1168 | D:2      | Reached skill level 1 in Ranged Weapons
  1168 | D:2      | Reached skill level 1 in Throwing
  1168 | D:2      | Reached skill level 1 in Armour
  1168 | D:2      | Reached skill level 1 in Shields
  1168 | D:2      | Reached skill level 1 in Unarmed Combat
  1168 | D:2      | Reached skill level 1 in Evocations
  1273 | D:2      | Identified the +2 robe of Gravity {rPois rN++ Regen+}
  1370 | D:2      | Reached skill level 1 in Shapeshifting
  1370 | D:2      | Reached XP level 4. HP: 32/32 MP: 6/11
  1545 | D:2      | Found Hommaup's Assorted Antiques.
  1554 | D:2      | Bought a scroll labelled WOVAIPLEMI for 17 gold pieces
  1554 | D:2      | Bought a fizzy dark potion for 15 gold pieces
  1554 | D:2      | Bought a fizzy dark potion for 15 gold pieces
  1654 | D:3      | Found a blossoming altar of Fedhas.
  1660 | D:3      | Found a shimmering altar of Xom.
  1660 | D:3      | Noticed Robin
  1676 | D:2      | Reached skill level 1 in Conjurations
  1676 | D:2      | Reached skill level 1 in Summonings
  1676 | D:2      | Reached skill level 1 in Necromancy
  1676 | D:2      | Reached skill level 1 in Translocations
  1676 | D:2      | Reached skill level 1 in Fire Magic
  1676 | D:2      | Reached skill level 1 in Ice Magic
  1676 | D:2      | Reached skill level 1 in Air Magic
  1676 | D:2      | Reached skill level 1 in Earth Magic
  1676 | D:2      | Reached skill level 1 in Alchemy
  1783 | D:3      | Found a shadowy altar of Dithmenos.
  1787 | D:3      | Noticed Grinder
  1876 | D:3      | Noticed a black bear
  1897 | D:3      | Killed a black bear
  1898 | D:3      | Reached XP level 5. HP: 35/37 MP: 5/12
  1996 | D:3      | Killed Robin
  2101 | D:3      | Reached XP level 6. HP: 44/44 MP: 10/13
  2580 | D:3      | Paralysed by Grinder for 5 turns
  2659 | D:3      | Paralysed by Grinder for 4 turns
  2757 | D:3      | Reached skill level 5 in Dodging
  2933 | D:4      | Killed from afar by an orc wizard

Illustrated notes

Levels and vault maps discovered:
D:1:      psy_arrival_conway, layout_basic,
          hellmonk_ecumenical_altar_leap_of_faith
D:2:      layout_loops_ring, serial_shops, shop
D:3:      layout_rooms, nicolae_dithmenos_shadow_blocks,
          grunt_temple_overflow_open, uniq_grinder, uniq_robin
D:4:      layout_layer_cave, nicolae_uskayaw_dance_hall

Skill      XL: |  1  2  3  4  5  6 |
---------------+-------------------+-----
Spellcasting   | 5 |  5.3
Stealth        | 6 |  6.3
Invocations    | 1 2 |  2.1
Fighting       | 1 |  1.9
Long Blades    | 1 |  1.9
Axes           | 1 |  1.9
Maces & Flails | 1 |  1.9
Polearms       | 1 |  1.9
Staves         | 1 |  1.9
Ranged Weapons | 1 |  1.9
Throwing       | 1 |  1.9
Armour         | 1 |  1.9
Shields        | 1 |  1.9
Unarmed Combat | 1 |  1.9
Evocations     | 1 |  1.9
Shapeshifting  | 1 |  1.7
Conjurations   | 1 |  1.5
Summonings     | 1 |  1.5
Necromancy     | 1 |  1.5
Translocations | 1 |  1.5
Fire Magic     | 1 |  1.5
Ice Magic      | 1 |  1.5
Air Magic      | 1 |  1.5
Earth Magic    | 1 |  1.5
Alchemy        | 1 |  1.5
Short Blades   | 3 |  3.2
Dodging        | 5 |  5.0
Hexes          | |  5.6

Action                     |  1- 3 |  4- 6 || total
---------------------------+-------+-------++-------
  Melee: Dagger            |   107 |   100 ||   207
         Punch             |     2 |     3 ||     5
         Bite              |     1 |     8 ||     9
   Cast: Ensorcelled Hiber |    20 |    34 ||    54
   Stab: Sleeping          |    24 |    32 ||    56
 Armour: Robe              |    50 |    76 ||   126
  Dodge: Dodged            |    67 |   101 ||   168
